 Dungeon Crawl Stone Soup version 0.24.1-14-gf8d2b509d9 (webtiles) character file.

Game seed: 10749468056297360272, levelgen mode: deterministic

35 h4x0r the Insei (level 3, 0/23 HPs)
             Began as a Halfling Transmuter on Feb 2, 2021.
             Slain by an adder (3 damage)
             ... on level 2 of the Dungeon on Feb 3, 2021.
             The game lasted 00:04:11 (1643 turns).

h4x0r the Insei (Halfling Transmuter)               Turns: 1643, Time: 00:04:12

Health: 0/23       AC:  3    Str: 11    XL:     3   Next: 52%
Magic:  0/5        EV: 15    Int: 12    God:
Gold:   61         SH:  0    Dex: 14    Spells: 1/5 levels left

rFire    . . .     SeeInvis .     - Unarmed
rCold    . . .     Gourm    .   (shield restricted)
rNeg     . . .     Faith    .   b - +0 robe
rPois    .         Spirit   .   (no helmet)
rElec    .         Reflect  .   (no cloak)
rCorr    .         Harm     .   c - +0 pair of gloves
MR       .....                  (boots currently unavailable)
Stlth    +.........             (no amulet)
HPRegen  0.07/turn              (no ring)
MPRegen  0.09/turn              (no ring)

@: lethally poisoned (0 -> -7), appendage (expiring), very slightly contaminated
A: small, talons 3, mutation resistance 1
a: End Transformation


You were on level 2 of the Dungeon.
You were not hungry.
You had grown temporary talons.
You visited 1 branch of the dungeon, and saw 2 of its levels.

You collected 61 gold pieces.


Innate Abilities, Weirdness & Mutations

You are small and have problems with some larger weapons.
You are somewhat resistant to further mutation.
You have claws for feet.


   Skills:
 + Level 1.2 Fighting
 - Level 2.1 Dodging
 * Level 2.8 Unarmed Combat
 + Level 1.8 Spellcasting
 * Level 1.7 Transmutations
 * Level 0.3 Poison Magic


You had one spell level left.
You knew the following spells:

 Your Spells              Type           Power        Failure   Level  Hunger
e - Beastly Appendage     Tmut           #.....       14%         1    ##.....
i - Spider Form           Tmut/Pois      #.........   47%         3    ####...

Your spell library contained the following spells:

 Spells                   Type           Power        Failure   Level  Hunger
 Sticks to Snakes         Tmut           #.......     21%         2    ###....
 Ice Form                 Ice/Tmut       #.......     89%         4    #####..
 Blade Hands              Tmut           #.........   98%         5    ######.

Inventory:

Missiles
 a - 31 arrows
Armour
 b - a +0 robe (worn)
 c - a +0 pair of gloves (worn)
 l - a +0 helmet
 m - a +0 helmet
Jewellery
 i - a +4 ring of strength {unknown}
Scrolls
 f - 3 scrolls of identify {unknown}
 h - a scroll of teleportation {unknown}
 k - a scroll of remove curse {unknown}
Potions
 e - a potion of heal wounds {unknown}
Comestibles
 d - 3 rations {@e1}
 g - a chunk of flesh

Dungeon Overview and Level Annotations

Branches:
Dungeon (2/15)

Altars:

Annotations:
D:2 exclusion: 2 adders

▒.▒ ▒.....#.#
▒.▒ ▒##.#.#.###
▒.▒ ▒▒
#.......# ...
▒▒▒▒.##.##..#.#
.⌠
......#.##..#
▒.....#....
▒▒##..#...## #
▒##..# # #
▒@S.(# ..S #
▒##'####..# #
▒▒........># #
▒.<...###### #
#.....# #######
#.....# ......#
#.....# #####.#
#.....# #.#
#.....+


You could see an adder.


Message History

Confirm with . or Enter, or press ? or * to list all spells.
Your feet morph into talons.
Your transformation is almost over.
You feel sick. The adder bites you but does no damage. The adder bites you.
* * * LOW HITPOINT WARNING * * *
It was a potion of curing.
You feel better. The adder bites you.
You closely miss the adder. The adder bites you but does no damage.
You miss the adder. Your kick misses the adder. The adder misses you.
The adder barely misses you.
You barely miss the adder. Your kick misses the adder. The adder bites you.
You are poisoned.
The adder poisons you!
You barely miss the adder.
You feel sick. The adder barely misses you.
Unknown command.
You hit the adder. Your kick misses the adder.
The adder is moderately wounded.
The adder bites you.
* * * LOW HITPOINT WARNING * * *
You are lethally poisoned!
The adder poisons you!
You barely miss the adder.
The adder is moderately wounded.
* * * LOW HITPOINT WARNING * * *
You feel sick. The adder bites you.
* * * LOW HITPOINT WARNING * * *
You hit the adder but do no damage.
The adder is moderately wounded.
* * * LOW HITPOINT WARNING * * *
You feel sick. The adder bites you.
You die...

Skill      XL: |  1 |
---------------+----+-----
Fighting       | 1 |  1.2
Dodging        | |  2.1
Unarmed Combat | |  2.8
Spellcasting   | |  1.8
Transmutations | |  1.7
Poison Magic   | |  0.3

Action                   || total
-------------------------++-------
Melee: Unarmed           ||    94
       Kick              ||    10
       Headbutt          ||     4
       Punch             ||     1
Throw: Dart              ||     2
 Cast: Beastly Appendage ||    20
  Use: Potion            ||     1
  Eat: Chunk             ||     3
Armor: Robe              ||    21
Dodge: Dodged            ||    89

Levels and vault maps discovered:
D:1:      dpeg_arrival_more_subterranean_lakeside_camping, layout_basic
D:2:      layout_basic, grunt_temple_overflow_cloverleaf

Notes
Turn   | Place    | Note
-------+----------+-------------------------------------------
     0 | D:1      | h4x0r the Halfling Transmuter began the quest for the Orb.
     0 | D:1      | Reached XP level 1. HP: 12/12 MP: 3/3
    97 | D:1      | Reached skill level 1 in Fighting
   203 | D:1      | Reached XP level 2. HP: 18/18 MP: 2/4
   624 | D:1      | Reached XP level 3. HP: 23/23 MP: 3/5
   629 | D:1      | Learned a level 3 spell: Spider Form
  1643 | D:2      | Slain by an adder

Vanquished Creatures
  A dart slug (D:1)
  A ball python (D:1)
  A giant cockroach (D:2)
  2 hobgoblins
  2 jackals (D:1)
  9 kobolds
  7 bats
  2 frilled lizards
  4 goblins
  3 rats
32 creatures vanquished.

Table legend:
 A = Turns spent in this place as a percentage of turns spent in the entire game.
 B = Non-inter-level travel turns spent in this place as a percentage of non-inter-level travel turns spent in the entire game.
 C = Inter-level travel turns spent in this place as a percentage of turns spent in this place.
 D = Turns resting spent in this place as a percentage of non-inter-level travel turns spent in this place.
 E = Turns spent auto-exploring this place as a percentage of non-inter-level travel turns spent in this place.
 F = Non-inter-level travel turns spent in this place divided by the number of levels of this place that you've seen.
                   A       B       C       D       E      F
               +-------+-------+-------+-------+-------+----------------------
         Total | 100.0 | 100.0 |   2.5 |  28.2 |  49.6 | 801.0
       Dungeon | 100.0 | 100.0 |   2.5 |  28.2 |  49.6 | 801.0
               +-------+-------+-------+-------+-------+----------------------

Table legend:
 A = Non-vault XP
 B = Vault XP
 C = Vault XP percentage of total XP
 D = Non-vault monster count
 E = Vault monster count
 F = Vault count percentage of total count
                 A         B        C        D         E       F
            +---------+---------+-------+---------+---------+-------
      Total |      50 |       0 |   0.0 |      32 |       0 |   0.0
            +---------+---------+-------+---------+---------+-------
        D:1 |      37 |       0 |   0.0 |      22 |       0 |   0.0
        D:2 |      13 |       0 |   0.0 |      10 |       0 |   0.0
            +---------+---------+-------+---------+---------+-------
